AoeStats
← Maldee

Arabia

503448736Analyzed
2v2 RM · 1mo ago on Aug 31, 2026· 33m 17s· 4 players
Game mode
Random Map
Map size
Medium (4 player)
Population
200
Speed
Normal
Resources
Standard
Victory
Conquest
Starting age
Dark Age
Ending age
Imperial Age
RankedLock teamsTeams togetherTeam positionsShared explorationLock speedFull tech treeHidden civsTurbo modeCheats
Victory
Defeat
🇬🇷 Wei · Greece
1146
+17
🇩🇰 Romans · Denmark
1134
+18
🇩🇪 Japanese · Germany
1170
-17
🇩🇪 Jurchens · Germany
1170
-17
NomadX
5:40 Loom
9:11 Feudal Age
10:07 Double-Bit Axe
21:19 Castle Age
19:57 Stone Mining
20:58 Horse Collar
21:47 Bloodlines
21:47 Scale Barding Armor
21:54 Forging
21:40 Gold Mining
27:30 Wheelbarrow
27:25 Husbandry
30:01 Town Watch
30:20 Pikeman
33:47 Chain Barding Armor
LeCuzz DeMarr
6:39 Loom
9:31 Feudal Age
9:35 Man-at-Arms
11:16 Scale Mail Armor
17:25 Double-Bit Axe
19:10 Wheelbarrow
22:23 Castle Age
22:24 Long Swordsman
23:21 Chain Mail Armor
23:36 Squires
Maldee
7:00 Loom
9:28 Feudal Age
10:04 Double-Bit Axe
12:14 Horse Collar
22:44 Castle Age
21:24 Scale Barding Armor
22:30 Bloodlines
22:32 Forging
23:48 Husbandry
24:03 Bow Saw
24:47 Iron Casting
31:43 Chain Barding Armor
Ratha goes Brrr!
7:09 Loom
7:16 Loom
10:28 Feudal Age
14:43 Wheelbarrow
19:08 Horse Collar
20:03 Double-Bit Axe
22:00 Fletching
26:45 Castle Age
27:04 Crossbowman
Connection lost

Rejoining the realm…

Still unreachable

The connection could not be restored.

Session expired

The server has moved on; the page needs a fresh start.